 Dungeon Crawl Stone Soup version 0.29-a0-676-ga64570c9d2 (webtiles) character file.

Game seed: 391958754758886890

46980 DocClef the Blocker (level 14, -4/113 HPs)
             Began as a Gnoll Fighter on June 24, 2022.
             Was the Champion of Okawaru.
             Drowned by a drowned soul (10 damage)
             ... summoned by a merfolk avatar
             ... on level 6 of the Lair of Beasts.
             The game lasted 00:28:26 (18078 turns).

DocClef the Blocker (Gnoll Fighter)                Turns: 18078, Time: 00:28:27

Health: -4/113     AC: 20    Str: 24    XL:     14   Next: 39%
Magic:  27/27      EV: 15    Int:  7    God:    Okawaru [******]
Gold:   1094       SH:  7    Dex: 13    Spells: 31/31 levels left

rFire   + . .      SeeInvis .   t - +10 whip "Zoohapny" {spect, *Slow Str+4}
rCold   + + +      Faith    .   X - +0 buckler {rC+}
rNeg    . . .      Spirit   .   B - +0 troll leather armour
rPois   .          Reflect  .   g - +2 hat
rElec   .          Harm     .   c - scarf {rC+ rF+}
rCorr   .          Rampage  .   T - +0 pair of gloves
Will    +....                   r - +1 pair of boots
Stlth   ++........              a - amulet "Jifof" {Acrobat rC+}
HPRegen 1.08/turn               K - +4 ring of protection
MPRegen 0.20/turn               n - +4 ring of protection

@: mesmerised, slowed, very slow
A: fangs 1, strong nose, distributed training
a: Renounce Religion, Heroism, Finesse, Duel


You were on level 6 of the Lair of Beasts.
You worshipped Okawaru.
Okawaru was exalted by your worship.
You visited 3 branches of the dungeon, and saw 19 of its levels.
You also visited: Sewer and Ice Cave.

You collected 1514 gold pieces.
You spent 420 gold pieces at shops.

Inventory:

Hand Weapons
 t - the +10 whip "Zoohapny" (weapon) {spect, *Slow Str+4}
   (You found it on level 3 of the Dungeon)

   When its wielder attacks, the weapon's spirit leaps out and strikes again.
   The spirit shares a part of any damage it takes with its wielder.
   Str:       It affects your strength (+4).
   *Slow:     It may slow you when you take damage.
 Q - a +5 quick blade
Missiles
 j - 12 poisoned darts (quivered)
 J - 8 javelins
Armour
 c - a scarf of resistance (worn)
 g - a +2 hat (worn)
 r - a +1 pair of boots (worn)
 B - a +0 troll leather armour (worn)
 T - a +0 pair of gloves (worn)
 X - a +0 buckler of cold resistance (worn)
 Y - +0 ice dragon scales
Jewellery
 a - the amulet "Jifof" (around neck) {Acrobat rC+}
   (You acquired it on level 7 of the Dungeon)

   [amulet of the acrobat]

   It increases your evasion while moving and waiting.
   rC:        It protects you from cold.
 n - a +4 ring of protection (right hand)
 D - a ring of see invisible
 E - a ring of magical power
 K - a +4 ring of protection (left hand)
 M - a +4 ring of evasion
Wands
 b - a wand of mindburst (13)
 y - a wand of iceblast (28)
 A - a wand of polymorph (5)
 C - a wand of flame (59)
 U - a wand of digging (4)
Scrolls
 f - 10 scrolls of teleportation
 i - 3 scrolls of fear
 l - 6 scrolls of poison
 m - a scroll of enchant weapon
 v - a scroll of amnesia
 w - 3 scrolls of magic mapping
 x - 8 scrolls of identify
 z - 3 scrolls of blinking
 I - 2 scrolls of fog
 L - 3 scrolls of enchant armour
 S - 3 scrolls of vulnerability
Potions
 d - 2 potions of might
 e - 4 potions of berserk rage
 h - 3 potions of haste
 k - 5 potions of flight
 o - 2 potions of cancellation
 p - 9 potions of curing
 q - 3 potions of magic
 s - a potion of heal wounds
 u - 4 potions of lignification
 F - 8 potions of mutation
 G - 2 potions of brilliance
 P - a potion of invisibility
Miscellaneous
 N - a lightning rod (4/4)


   Skills:
 + Level 11.2 Fighting
 + Level 9.2 Short Blades
 + Level 9.2 Long Blades
 + Level 9.2 Axes
 + Level 10.3 Maces & Flails
 + Level 9.2 Polearms
 + Level 9.2 Staves
 + Level 9.2 Slings
 + Level 9.2 Bows
 + Level 9.2 Crossbows
 + Level 9.2 Throwing
 + Level 11.2 Armour
 + Level 9.2 Dodging
 + Level 9.2 Stealth
 + Level 11.2 Shields
 + Level 9.2 Unarmed Combat
 + Level 9.2 Spellcasting
 + Level 7.6 Conjurations
 + Level 7.6 Hexes
 + Level 7.6 Summonings
 + Level 7.6 Necromancy
 + Level 7.6 Translocations
 + Level 7.6 Transmutations
 + Level 7.6 Fire Magic
 + Level 7.6 Ice Magic
 + Level 7.6 Air Magic
 + Level 7.6 Earth Magic
 + Level 7.6 Poison Magic
 + Level 10.0 Invocations
 + Level 9.2 Evocations


You had 31 spell levels left.
You didn't know any spells.
Your spell library contained the following spells:

 Spells                   Type           Power      Damage    Failure   Level
 Sandblast                Erth           26%        2d8       1%          1
 Sting                    Tmut/Pois      52%        1d5       1%          1
 Passwall                 Tmut/Erth      10%        N/A       1%          2
 Poisonous Vapours        Pois/Air       26%        N/A       1%          2
 Static Discharge         Conj/Air       13%        N/A       1%          2
 Dazzling Flash           Conj/Hex       26%        N/A       3%          3
 Gell's Gravitas          Tloc           13%        N/A       3%          3
 Lesser Beckoning         Tloc           13%        N/A       3%          3
 Stone Arrow              Conj/Erth      26%        3d8       3%          3
 Teleport Other           Tloc           13%        N/A       3%          3
 Dispel Undead            Necr           13%        3d9       11%         4
 Iskenderun's Mystic Bla  Conj/Tloc      13%        2d5       11%         4
 Olgreb's Toxic Radiance  Pois           13%        N/A       11%         4
 Sticky Flame             Conj/Fire      13%        2d4       11%         4
 Agony                    Necr           13%        N/A       28%         5
 Alistair's Intoxication  Tmut/Pois      8%         N/A       28%         5
 Blade Hands              Tmut           6%         N/A       28%         5
 Borgnjor's Vile Clutch   Necr/Erth      6%         N/A       28%         5
 Irradiate                Conj/Tmut      6%         3d15      28%         5
 Silence                  Hex/Air        6%         N/A       28%         5
 Dispersal                Tloc           6%         N/A       85%         6
 Eringya's Noxious Bog    Tmut/Pois      6%         N/A       85%         6
 Starburst                Conj/Fire      6%         6d4       85%         6
 Dragon Form              Tmut           6%         N/A       100%        7


Dungeon Overview and Level Annotations

Branches:
Dungeon (12/15)            Temple (1/1) D:4            Lair (6/6) D:11
 Shoals (0/4) Lair:2          Orc (0/2) D:11          Sewer (visited)
  IceCv (visited)
  Snake: Lair:2-4    Spider: Lair:2-4     Slime: Lair:5-6

Altars:
Ashenzari
Cheibriados
Dithmenos
Elyvilon
Fedhas
Gozag
Hepliaklqana
Kikubaaqudgha
Makhleb
Nemelex Xobeh
Okawaru
Qazlal
Ru
Sif Muna
Trog
Uskayaw
Vehumet
Wu Jian
Xom
Yredelemnul
Zin
The Shining One

Shops:
D:7 (   D:10 ?

Portals:
Abyss: Lair:3

Annotations:
Lair:3 2 transporters, Xeinaf's ghost, journeyman TrAr
Lair:4 3 runed translucent doors, Piwky's ghost, journeyman TrMo


Innate Abilities, Weirdness & Mutations

You have very sharp teeth.
Your uncanny sense of smell can sniff out nearby items.
Your experience applies equally to all skills.


Message History

Unknown command.
You feel much better. The drowned soul touches you.
The drowned soul drowns you! The drowned soul touches you.
The drowned soul drowns you!
* * * LOW HITPOINT WARNING * * *
The merfolk avatar chants its luring song.
You feel much better. You block the drowned soul's attack.
The drowned soul touches you. The drowned soul drowns you!
You block the drowned soul's attack.
The merfolk avatar chants its luring song.
The drowned soul touches you. The drowned soul drowns you!
* * * LOW HITPOINT WARNING * * *
The drowned soul touches you. The drowned soul drowns you!
* * * LOW HITPOINT WARNING * * *
The merfolk avatar chants its luring song.
You see here 2 potions of cancellation.
You whack the merfolk avatar!
The merfolk avatar is moderately wounded.
Your +10 whip "Zoohapny" {spect, *Slow Str+4} hits the merfolk avatar!
Unknown command.
You whack the merfolk avatar!
The merfolk avatar is heavily wounded.
Your +10 whip "Zoohapny" {spect, *Slow Str+4} hits the merfolk avatar!
The merfolk avatar chants its luring song.
You feel much better.
Okay, then.
You hit the merfolk avatar.
The merfolk avatar is heavily wounded.
Your +10 whip "Zoohapny" {spect, *Slow Str+4} hits the merfolk avatar!
The drowned soul touches you. The drowned soul drowns you!
You feel yourself slow down.
Your unstable footing causes you to fumble your attack.
The merfolk avatar chants its luring song.
Your unstable footing causes you to fumble your attack.
The drowned soul touches you. The drowned soul drowns you!
* * * LOW HITPOINT WARNING * * *
The drowned soul touches you. The drowned soul drowns you!
* * * LOW HITPOINT WARNING * * *
The drowned soul touches you. The drowned soul drowns you!
You die...

#....≈≈≈≈≈#≈###≈≈###≈#≈≈≈≈.≈.#..#
.#..≈#≈≈≈#≈≈≈≈.≈≈.≈≈≈≈#≈≈##....##
....≈##≈≈#≈≈≈≈≈8≈≈#≈≈≈#≈≈≈#≈##.
.#...≈≈≈≈#≈≈≈≈.≈≈≈≈≈≈≈#≈≈≈≈.. ..
.P..≈≈≈≈≈#####≈≈≈≈#####≈≈≈≈.##
.....≈#≈≈#⌠.≈≈≈≈.≈≈≈≈⌠#≈≈P#..#
#.#..##≈≈#≈≈≈8≈≈≈≈8≈≈≈#≈≈##≈..
###.≈≈≈≈.#≈#≈##≈≈≈#≈≈≈#
.#...≈≈#≈#..≈#=§@!#≈≈≈#
.##P≈≈≈.≈≈≈.≈#(m≈$#≈.≈#
##.P.≈≈.≈.≈≈≈#$≈≈)# ≈≈#
##...≈≈≈.≈≈≈≈≈?!!)# ≈≈#
###≈≈≈≈.##≈≈#≈#### #†##≈≈#≈≈≈8≈≈
##.##≈≈#⌠≈≈≈≈≈ ##.≈≈≈≈≈.######
### #≈≈P≈ . #...≈.≈≈#8≈
PP≈≈≈≈≈.≈#≈≈≈ .#


You could see a merfolk avatar (mesmerising).

Vanquished Creatures
  A hydra (Lair:3)
  A boulder beetle (Lair:5)
  Erica (D:10)
  2 two-headed ogres (D:11)
  6 death yaks
  A bog body (IceCv)
  2 lindwurms
  A harpy (Lair:6)
  A necromancer (IceCv)
  4 manticores
  2 ugly things (D:11)
  2 cyclopes (D:11)
  A black mamba (Lair:5)
  Joseph (D:7)
  2 ice statues (IceCv)
  6 elephants
  10 cane toads
  An unseen horror (D:11)
  A torpor snail (Lair:4)
  7 komodo dragons
  Psyche (D:10)
  3 rime drakes
  2 anaconda simulacra (IceCv)
  8 ice devils (IceCv)
  4 entropy weaver simulacra (IceCv)
  6 trolls
  2 polar bears
  3 hornets
  4 snapping turtles (Lair:6)
  9 blink frogs
  7 dream sheep
  3 shadows
  3 wraiths (D:11)
  6 wyverns
  A dire elephant simulacrum (IceCv)
  2 basilisks
  35 yaks
  A death yak simulacrum (Lair:5)
  A steam dragon (Lair:6)
  2 vampire mosquitoes (D:11)
  Edmund (D:5)
  3 harpy simulacra (IceCv)
  11 water moccasins
  3 acid dragons
  10 orc warriors
  2 sky beasts
  22 wolves
  3 black bears
  2 ogres
  2 centaurs
  2 kobold brigands
  8 bullfrogs
  A necrophage (D:7)
  A gnoll sergeant (D:11)
  3 scorpions
  5 wights (D:7)
  13 killer bees
  A howler monkey (D:5)
  7 electric eels
  3 hounds
  2 jellies
  10 orc priests
  5 hell rats (Lair:5)
  2 iguanas (D:5)
  15 orc wizards
  A polar bear simulacrum (Lair:5)
  2 spriggan simulacra (IceCv)
  2 wolf simulacra (Lair:5)
  11 adders
  A gnoll (D:5)
  2 river rats (Sewer)
  3 white imps
  An ufetubus (D:5)
  A worm (D:5)
  A dart slug (D:5)
  51 orcs
  3 bats
  5 endoplasms
  6 giant cockroaches
  4 goblins
  A hobgoblin (D:4)
  3 jackals
  2 quokkas
  6 ball pythons
  3 frilled lizards
  11 kobolds
  8 rats
421 creatures vanquished.

Vanquished Creatures (others)
  35 fungi
  66 plants
101 creatures vanquished.

Grand Total: 522 creatures vanquished

Notes
Turn   | Place    | Note
-------+----------+-------------------------------------------
     0 | D:1      | DocClef the Gnoll Fighter began the quest for the Orb.
     0 | D:1      | Reached XP level 1. HP: 23/23 MP: 1/1
    44 | D:1      | Found a faded altar of an unknown god.
   187 | D:1      | Reached XP level 2. HP: 29/29 MP: 2/2
   875 | D:2      | Reached XP level 3. HP: 8/35 MP: 2/4
  1206 | D:2      | Reached skill level 1 in Invocations
  1449 | D:2      | Reached skill level 1 in Short Blades
  1449 | D:2      | Reached skill level 1 in Long Blades
  1449 | D:2      | Reached skill level 1 in Axes
  1449 | D:2      | Reached skill level 1 in Polearms
  1449 | D:2      | Reached skill level 1 in Staves
  1449 | D:2      | Reached skill level 1 in Slings
  1449 | D:2      | Reached skill level 1 in Bows
  1449 | D:2      | Reached skill level 1 in Crossbows
  1449 | D:2      | Reached skill level 1 in Throwing
  1449 | D:2      | Reached skill level 1 in Dodging
  1449 | D:2      | Reached skill level 1 in Stealth
  1449 | D:2      | Reached skill level 1 in Unarmed Combat
  1449 | D:2      | Reached skill level 1 in Spellcasting
  1449 | D:2      | Reached skill level 1 in Evocations
  1538 | D:2      | Reached XP level 4. HP: 40/41 MP: 5/5
  2519 | D:3      | Identified the +10 whip "Zoohapny" {spect, *Slow Str+4}
  2750 | D:4      | Found a staircase to the Ecumenical Temple.
  2763 | Temple   | Entered the Ecumenical Temple
  2998 | Temple   | Became a worshipper of Warmaster Okawaru
  3202 | D:4      | Reached skill level 1 in Conjurations
  3202 | D:4      | Reached skill level 1 in Hexes
  3202 | D:4      | Reached skill level 1 in Summonings
  3202 | D:4      | Reached skill level 1 in Necromancy
  3202 | D:4      | Reached skill level 1 in Translocations
  3202 | D:4      | Reached skill level 1 in Transmutations
  3202 | D:4      | Reached skill level 1 in Fire Magic
  3202 | D:4      | Reached skill level 1 in Ice Magic
  3202 | D:4      | Reached skill level 1 in Air Magic
  3202 | D:4      | Reached skill level 1 in Earth Magic
  3202 | D:4      | Reached skill level 1 in Poison Magic
  3628 | D:4      | Identified the +2 leather armour of Objectivity {Int+3}
  3654 | D:5      | Entered Level 5 of the Dungeon
  3675 | D:5      | Noticed an ogre
  3679 | D:5      | Killed an ogre
  3680 | D:5      | Reached XP level 5. HP: 38/47 MP: 5/7
  3691 | D:5      | Found a glowing drain.
  3704 | Sewer    | Entered a sewer
  3776 | Sewer    | Noticed a kobold brigand
  3784 | Sewer    | Killed a kobold brigand
  3784 | Sewer    | Reached * piety under Okawaru
  3785 | Sewer    | Reached XP level 6. HP: 51/53 MP: 8/8
  3811 | Sewer    | Found a white marble altar of Elyvilon.
  4056 | D:5      | Reached skill level 5 in Maces & Flails
  4081 | D:5      | Reached XP level 7. HP: 59/59 MP: 10/10
  4233 | D:5      | Found a hazy altar of Hepliaklqana.
  4234 | D:5      | Found a broken altar of Ashenzari.
  4236 | D:5      | Found a sacrificial altar of Ru.
  4236 | D:5      | Found a radiant altar of Vehumet.
  4236 | D:5      | Found a sparkling altar of Nemelex Xobeh.
  4236 | D:5      | Found an opulent altar of Gozag.
  4237 | D:5      | Found a basalt altar of Yredelemnul.
  4494 | D:5      | Noticed Edmund
  4504 | D:5      | Killed Edmund
  4709 | D:6      | You fall into a shaft and drop 1 floor!
  4796 | D:7      | Reached XP level 8. HP: 66/67 MP: 12/12
  4798 | D:7      | Reached ** piety under Okawaru
  5167 | D:7      | Noticed Joseph
  5175 | D:7      | Killed Joseph
  5469 | D:7      | Reached XP level 9. HP: 72/72 MP: 14/14
  5496 | D:7      | Found Daosesso's Weapon Shoppe.
  5500 | D:7      | Reached *** piety under Okawaru
  5552 | D:8      | Noticed a troll
  5910 | D:8      | Killed a troll
  7168 | D:6      | Found a large runed translucent door.
  7168 | D:6      | Found a large runed translucent door.
  7225 | D:6      | Reached skill level 5 in Invocations
  7419 | D:6      | Reached **** piety under Okawaru
  7813 | D:6      | Found a stormy altar of Qazlal.
  7823 | D:6      | Found a glowing silver altar of Zin.
  7831 | D:6      | Reached XP level 10. HP: 80/80 MP: 17/17
  8125 | D:9      | Reached skill level 5 in Short Blades
  8125 | D:9      | Reached skill level 5 in Long Blades
  8125 | D:9      | Reached skill level 5 in Axes
  8125 | D:9      | Reached skill level 5 in Polearms
  8125 | D:9      | Reached skill level 5 in Staves
  8125 | D:9      | Reached skill level 5 in Slings
  8125 | D:9      | Reached skill level 5 in Bows
  8125 | D:9      | Reached skill level 5 in Crossbows
  8125 | D:9      | Reached skill level 5 in Throwing
  8125 | D:9      | Reached skill level 5 in Dodging
  8125 | D:9      | Reached skill level 5 in Stealth
  8125 | D:9      | Reached skill level 5 in Unarmed Combat
  8125 | D:9      | Reached skill level 5 in Spellcasting
  8125 | D:9      | Reached skill level 5 in Evocations
  8210 | D:9      | Received a gift from Okawaru
  9062 | D:10     | Entered Level 10 of the Dungeon
  9183 | D:10     | Reached ***** piety under Okawaru
  9183 | D:10     | Received a gift from Okawaru
  9265 | D:10     | Noticed Erica
  9293 | D:10     | Killed Erica
  9339 | D:10     | Found Wuasaph's Magic Scroll Shop.
  9362 | D:10     | Noticed Psyche
  9374 | D:10     | Killed Psyche
  9436 | D:10     | Reached XP level 11. HP: 80/87 MP: 19/19
  9469 | D:10     | Received a gift from Okawaru
  9490 | D:10     | Reached skill level 5 in Conjurations
  9490 | D:10     | Reached skill level 5 in Hexes
  9490 | D:10     | Reached skill level 5 in Summonings
  9490 | D:10     | Reached skill level 5 in Necromancy
  9490 | D:10     | Reached skill level 5 in Translocations
  9490 | D:10     | Reached skill level 5 in Transmutations
  9490 | D:10     | Reached skill level 5 in Fire Magic
  9490 | D:10     | Reached skill level 5 in Ice Magic
  9490 | D:10     | Reached skill level 5 in Air Magic
  9490 | D:10     | Reached skill level 5 in Earth Magic
  9490 | D:10     | Reached skill level 5 in Poison Magic
 10230 | D:11     | Noticed a two-headed ogre
 10238 | D:11     | Killed a two-headed ogre
 10254 | D:11     | Found a staircase to the Orcish Mines.
 10375 | D:11     | Noticed a death yak
 10384 | D:11     | Noticed a death yak
 10389 | D:11     | Killed a death yak
 10396 | D:11     | Noticed a death yak
 10398 | D:11     | Killed a death yak
 10398 | D:11     | Received a gift from Okawaru
 10447 | D:10     | Killed a death yak
 10521 | D:11     | Found a staircase to the Lair.
 10618 | D:11     | Noticed a green ugly thing
 10618 | D:11     | Noticed a two-headed ogre
 10621 | D:11     | Noticed a purple ugly thing
 10631 | D:11     | Killed a purple ugly thing
 10632 | D:11     | Reached XP level 12. HP: 84/96 MP: 14/22
 10635 | D:11     | Killed a two-headed ogre
 10702 | D:11     | Reached ****** piety under Okawaru
 10717 | D:11     | Received a gift from Okawaru
 11557 | D:7      | Bought a +5 quick blade for 420 gold pieces
 11577 | D:7      | Identified a scroll of acquirement
 11577 | D:7      | Acquired the amulet "Jifof" {Acrobat rC+}
 11816 | D:12     | Noticed a boulder beetle
 11852 | Lair:1   | Entered Level 1 of the Lair of Beasts
 12988 | Lair:1   | Reached skill level 10 in Fighting
 12988 | Lair:1   | Reached skill level 10 in Armour
 12988 | Lair:1   | Reached skill level 10 in Shields
 13521 | Lair:2   | Found a staircase to the Shoals.
 14292 | Lair:3   | Found a one-way gate to the infinite horrors of the Abyss.
 14292 | Lair:3   | Noticed Xeinaf's ghost (journeyman TrAr)
 14296 | Lair:3   | Noticed a cacodemon
 14309 | Lair:3   | Noticed an eight-headed hydra
 14311 | Lair:3   | Found a transporter.
 14318 | Lair:3   | Killed an eight-headed hydra
 14647 | Lair:3   | Reached XP level 13. HP: 67/103 MP: 24/24
 14793 | Lair:3   | Found a transporter.
 14943 | Lair:4   | Found a glowing golden altar of the Shining One.
 14955 | Lair:4   | Received a gift from Okawaru
 15169 | Lair:4   | Found a runed translucent gate.
 15169 | Lair:4   | Found a runed translucent gate.
 15170 | Lair:4   | Found a runed translucent gate.
 15174 | Lair:4   | Noticed Piwky's ghost (journeyman TrMo)
 15393 | Lair:4   | You fall into a shaft and drop 1 floor!
 15393 | Lair:5   | Found a frozen archway.
 15416 | IceCv    | Entered an ice cave
 15892 | IceCv    | Received a gift from Okawaru
 16213 | IceCv    | Received a gift from Okawaru
 17213 | Lair:6   | Entered Level 6 of the Lair of Beasts
 17289 | Lair:5   | Reached skill level 10 in Maces & Flails
 17289 | Lair:5   | Reached XP level 14. HP: 73/113 MP: 26/26
 17436 | Lair:6   | Received a gift from Okawaru
 17925 | Lair:6   | Reached skill level 10 in Invocations
 18078 | Lair:6   | Drowned by a drowned soul

Illustrated notes

Levels and vault maps discovered:
D:1:      ncdulo_smallfort, layout_rooms, basic_ecumenical_altar
D:2:      layout_basic, serial_forest, infiniplex_forest_straight_4,
          infiniplex_forest_end_2, infiniplex_forest_lined_ring,
          infiniplex_forest_clump_large, infiniplex_forest_lined_room_,
          infiniplex_forest_join
D:3:      layout_basic
D:4:      layout_basic, minmay_temple_entry_waves,
          hangedman_abyss_or_decor_passed
D:5:      layout_gridville, grunt_temple_overflow_open,
          cheibrodos_sewer_entry_drain, minmay_fractal_squares_5, uniq_edmund
D:6:      layout_basic, jmf_multi_god_temple2
D:7:      layout_cave_pods, serial_shops, shop, uniq_joseph
D:8:      layout_layer_cave, nicolae_benzene_ring,
          chequers_serial_rivers_small_b, grunt_ministairs_7,
          nrook_pool_corridor, feat_on_display
D:9:      layout_basic
D:10:     layout_basic, serial_shops, shop_coins,
          chequers_serial_rivers_small_a, uniq_psyche, uniq_erica
D:11:     minmay_slanted_spiral_squares, layout_irregular_city,
          dpeg_lair_monsters, hiddenorc2_lemuel
D:12:     layout_loops_ring, elyvilon_altar_5
Temple:   nicolae_temple_figure_eight
Lair:1:   layout_layer_cave
Lair:2:   layout_cave_pods, elwin_shoals_entry_rocks, st_stairs_8,
          grunt_megastairs_4, lemuel_fruit_tree
Lair:3:   layout_gridlike, gammafunk_ghost_abyssal_escape
Lair:4:   dpeg_oklob_gauntlet, layout_small_grid,
          nicolae_spider_entry_orb_guardian, ebering_ghost_rock_garden,
          basic_altar
Lair:5:   layout_roguey, portal_ice_cave_entry_ice_simulacra,
          beast_lair_carwin_9, serial_bayou_shore_b
Lair:6:   gammafunk_lair_ancient_temple, layout_loops_ring,
          dpeg_slime_entry_enclosed, serial_bayou_pond_c, st_stairs_6,
          grunt_forest_large_clearings

Skill      XL: |  1  2  3  4  5  6  7  8  9 10 11 12 13 14 |
---------------+-------------------------------------------+-----
Invocations    | 1 2 3 4 5 6 7 8 9 10 | 10.0
Short Blades   | 1 2 3 4 5 6 7 8 9 |  9.2
Long Blades    | 1 2 3 4 5 6 7 8 9 |  9.2
Axes           | 1 2 3 4 5 6 7 8 9 |  9.2
Polearms       | 1 2 3 4 5 6 7 8 9 |  9.2
Staves         | 1 2 3 4 5 6 7 8 9 |  9.2
Slings         | 1 2 3 4 5 6 7 8 9 |  9.2
Bows           | 1 2 3 4 5 6 7 8 9 |  9.2
Crossbows      | 1 2 3 4 5 6 7 8 9 |  9.2
Throwing       | 1 2 3 4 5 6 7 8 9 |  9.2
Dodging        | 1 2 3 4 5 6 7 8 9 |  9.2
Stealth        | 1 2 3 4 5 6 7 8 9 |  9.2
Unarmed Combat | 1 2 3 4 5 6 7 8 9 |  9.2
Spellcasting   | 1 2 3 4 5 6 7 8 9 |  9.2
Evocations     | 1 2 3 4 5 6 7 8 9 |  9.2
Conjurations   | 1 2 3 4 5 6 7 |  7.6
Hexes          | 1 2 3 4 5 6 7 |  7.6
Summonings     | 1 2 3 4 5 6 7 |  7.6
Necromancy     | 1 2 3 4 5 6 7 |  7.6
Translocations | 1 2 3 4 5 6 7 |  7.6
Transmutations | 1 2 3 4 5 6 7 |  7.6
Fire Magic     | 1 2 3 4 5 6 7 |  7.6
Ice Magic      | 1 2 3 4 5 6 7 |  7.6
Air Magic      | 1 2 3 4 5 6 7 |  7.6
Earth Magic    | 1 2 3 4 5 6 7 |  7.6
Poison Magic   | 1 2 3 4 5 6 7 |  7.6
Maces & Flails | 5 6 7 8 9 10 | 10.3
Fighting       | 7 8 9 10 11 | 11.2
Armour         | 7 8 9 10 11 | 11.2
Shields        | 7 8 9 10 11 | 11.2

Action                   |  1- 3 |  4- 6 |  7- 9 | 10-12 | 13-15 || total
-------------------------+-------+-------+-------+-------+-------++-------
Melee: Flail             |    59 |       |       |       |       ||    59
       Hand axe          |    42 |    32 |       |       |       ||    74
       Bite              |     5 |     7 |    15 |    62 |    79 ||   168
       Whip              |       |    52 |   193 |   446 |   518 ||  1209
Throw: Dart              |       |       |       |    19 |       ||    19
       Javelin           |       |       |       |     5 |       ||     5
Invok: Heroism           |       |       |       |     5 |     2 ||     7
       Finesse           |       |       |       |     1 |     1 ||     2
  Use: Scroll            |       |     8 |     1 |    13 |     3 ||    25
       Potion            |       |       |       |     2 |     3 ||     5
 Stab: Sleeping          |       |     1 |     5 |     9 |    10 ||    25
       Distracted        |       |       |     1 |     8 |    15 ||    24
Armor: Scale mail        |    62 |    18 |       |       |    44 ||   124
       Leather armour    |       |    16 |    24 |       |       ||    40
       Troll leather arm |       |       |    17 |   110 |   103 ||   230
Dodge: Dodged            |    69 |    42 |    74 |   254 |   248 ||   687
Block: Buckler           |    31 |     8 |    28 |   113 |   139 ||   319

Table legend: (Time is in decaauts)
 A = Elapsed time spent in this place.
 B = Non-inter-level travel time spent in this place.
 C = Inter-level travel time spent in this place.
 D = Time resting spent in this place.
 E = Time spent auto-exploring this place.
 F = Levels seen in this place.
 G = Mean time per level.
                   A        B        C        D        E       F      G
               +--------+--------+--------+--------+--------+-----+--------+
         Total |  17890 |  16769 |   1121 |   1292 |  12194 |  21 |  851.9 |
       Dungeon |  11254 |  10309 |    945 |    519 |   7935 |  12 |  937.8 |
        Temple |    266 |    209 |     57 |      0 |    206 |   1 |  266.0 |
          Lair |   5218 |   5099 |    119 |    251 |   3892 |   6 |  869.7 |
         Sewer |    311 |    311 |      0 |    100 |    154 |   1 |  311.0 |
      Ice Cave |    839 |    839 |      0 |    422 |      6 |   1 |  839.0 |
               +--------+--------+--------+--------+--------+-----+--------+

Top non-repeatable levels by time:
    D:11: 1426 daAuts
     D:8: 1405 daAuts
  Lair:1: 1382 daAuts
     D:2: 1260 daAuts
     D:9: 1173 daAuts
     D:7: 1169 daAuts
  Lair:5: 1110 daAuts
    D:10: 1077 daAuts
  Lair:3: 931 daAuts
     D:1: 921 daAuts
     D:6: 871 daAuts
   IceCv: 839 daAuts
  Lair:2: 753 daAuts
     D:4: 704 daAuts
     D:5: 680 daAuts
